 Dungeon Crawl Stone Soup version 0.23-a0-143-g1adec7b (webtiles) character file.

4 Amnesiac the Chiller (level 1, 0/13 HPs)
             Began as a Mummy Ice Elementalist on Sept 3, 2018.
             Slain by a howler monkey (5 damage)
             ... on level 3 of the Dungeon.
             The game lasted 00:02:16 (337 turns).

Amnesiac the Chiller (Mummy Ice Elementalist)        Turns: 337, Time: 00:02:17

Health: 0/13       AC:  2    Str: 11    XL:     1   Next: 58%
Magic:  0/4        EV: 12    Int: 14    God:
Gold:   49         SH:  0    Dex: 12    Spells: 4/5 levels left

rFire    x . .     SeeInvis .   e - +0 war axe
rCold    + . .     Gourm    .   (no shield)
rNeg     + + +     Faith    .   a - +0 robe
rPois    ∞         Spirit   .   (no helmet)
rElec    .         Reflect  .   (no cloak)
rCorr    .         Harm     .   (no gloves)
MR       .....                  (no boots)
Stlth    ++........             (no amulet)
HPRegen  0.04/turn              (no ring)
MPRegen  0.09/turn              (no ring)

@: very slightly contaminated
A: no food or potions, fire vulnerability, cold resistance 1, negative energy
resistance 3, torment resistance, unbreathing
a: no special abilities


You were on level 3 of the Dungeon.
You were not hungry.

You visited 1 branch of the dungeon, and saw 3 of its levels.

You collected 49 gold pieces.

Inventory:

Hand Weapons
 e - a +0 war axe (weapon)
Armour
 a - a +0 robe (worn)
Scrolls
 b - a scroll of immolation {!r, unknown}
 c - a scroll of magic mapping {!r, unknown}
 d - a scroll of teleportation {!r, unknown}


   Skills:
 - Level 1.5 Dodging
 - Level 1.5 Stealth
 + Level 2.7 Spellcasting
   Level 0.7 Conjurations
 * Level 2.7 Ice Magic


You had 4 spell levels left.
You knew the following spells:

 Your Spells              Type           Power        Failure   Level  Hunger
a - Freeze                Ice            #...         8%          1    N/A

Your spell library contained the following spells:

 Spells                   Type           Power        Failure   Level  Hunger
 Throw Frost              Conj/Ice       #.....       17%         2    N/A
 Ozocubu's Armour         Chrm/Ice       #.......     36%         3    N/A
 Throw Icicle             Conj/Ice       #.......     73%         4    N/A
 Summon Ice Beast         Ice/Summ       #.......     77%         4    N/A

Dungeon Overview and Level Annotations

Branches:
Dungeon (3/15)

Altars:
Hepliaklqana
Yredelemnul


Innate Abilities, Weirdness & Mutations

You do not eat or drink.
Your flesh is vulnerable to fire.
You are immune to poison.
Your flesh is cold resistant. (rC+)
You are immune to negative energy. (rN+++)
You are immune to unholy pain and torment.
You can survive without breathing.


Message History

Found a stone staircase leading down.
Casting: Freeze (safe; 8% risk of failure)
Confirm with . or Enter, or press ? or * to list all spells.
Aiming: Freeze (safe; 8% risk of failure)
Press: ? - help, Shift-Dir - straight line, f - frilled lizard
Aim: a frilled lizard You miscast Freeze.
You are very lightly contaminated with residual magic.
Your hands feel numb with cold.
The frilled lizard closely misses you.
Casting: Freeze (safe; 8% risk of failure)
Confirm with . or Enter, or press ? or * to list all spells.
Aiming: Freeze (safe; 8% risk of failure)
Press: ? - help, Shift-Dir - straight line, f/p - frilled lizard
Aim: a frilled lizard You freeze the frilled lizard.
You kill the frilled lizard!
Casting: Freeze (safe; 8% risk of failure)
Confirm with . or Enter, or press ? or * to list all spells.
You can't see any susceptible monsters within range! (Use Z to cast anyway.)
Found 17 gold pieces.
Things that are here:
22 stones; a frilled lizard corpse
Found 21 arrows.
You see here a war axe.
e - a war axe Wield which item (- for none, * to show all)? (? for menu, Esc to quit)
e - a +0 war axe (weapon)
A howler monkey comes into view.
Found a scroll labeled FOIJOTHR OPEDICS.
Found a stone staircase leading up.
You start resting.
The howler monkey is too close now for your liking.
Casting: Freeze (safe; 8% risk of failure)
Confirm with . or Enter, or press ? or * to list all spells.
Aiming: Freeze (safe; 8% risk of failure)
Press: ? - help, Shift-Dir - straight line, f - howler monkey
Aim: a howler monkey You miscast Freeze.
You shiver with cold.
The howler monkey hits you.
Casting: Freeze (safe; 8% risk of failure)
Confirm with . or Enter, or press ? or * to list all spells.
Aiming: Freeze (safe; 8% risk of failure)
Press: ? - help, Shift-Dir - straight line, f/p - howler monkey
Aim: a howler monkey You freeze the howler monkey.
The howler monkey is lightly wounded.
The howler monkey barely misses you.
Casting: Freeze (safe; 8% risk of failure)
Confirm with . or Enter, or press ? or * to list all spells.
Aiming: Freeze (safe; 8% risk of failure)
Press: ? - help, Shift-Dir - straight line, f/p - howler monkey
Aim: a howler monkey (lightly wounded)
You freeze the howler monkey.
The howler monkey is moderately wounded.
The howler monkey hits you.
* * * LOW HITPOINT WARNING * * *
Casting: Freeze (safe; 8% risk of failure)
Confirm with . or Enter, or press ? or * to list all spells.
Aiming: Freeze (safe; 8% risk of failure)
Press: ? - help, Shift-Dir - straight line, f/p - howler monkey
Aim: a howler monkey (moderately wounded)
You freeze the howler monkey.
The howler monkey is heavily wounded.
The howler monkey hits you.
You die...

.##.............
.............#.#
.....<.......#(#
.......
.###.........#.#
....?.. #.........#.#
....h.. #####.....#.#
....... ............#
.....<.
####........###._8_.#
##.#.."...@#...(.#
#..#....#..h.....#
#..##..####..#.####
...# #..........# #
##. #####......#..$
##..........
#...(.......
#..>........
#...........


You could see a howler monkey.

Vanquished Creatures
  2 goblins (D:1)
  2 frilled lizards
  A rat (D:1)
5 creatures vanquished.

Notes
Turn   | Place    | Note
-------+----------+-------------------------------------------
     0 | D:1      | Amnesiac the Mummy Ice Elementalist began the quest for the
                  | Orb.
     0 | D:1      | Reached XP level 1. HP: 13/13 MP: 4/4
   229 | D:2      | Noticed a sky beast
   311 | D:3      | Found a basalt altar of Yredelemnul.
   311 | D:3      | Found a hazy altar of Hepliaklqana.
   329 | D:3      | Noticed a howler monkey
   337 | D:3      | Slain by a howler monkey

Vault maps used:
D:1:      dpeg_arrival_three_same_balls
D:3:      grunt_qazlal_sundering, chequers_temple_overflow_statue_of_worship,
          cheibrodos_gnoll_hut, uniq_sigmund

Action                   || total
-------------------------++-------
 Cast: Freeze            ||     9
Dodge: Dodged            ||     2

Table legend:
 A = Non-vault XP
 B = Vault XP
 C = Vault XP percentage of total XP
 D = Non-vault monster count
 E = Vault monster count
 F = Vault count percentage of total count
                 A         B        C        D         E       F
            +---------+---------+-------+---------+---------+-------
      Total |       7 |       0 |   0.0 |       5 |       0 |   0.0
            +---------+---------+-------+---------+---------+-------
        D:1 |       6 |       0 |   0.0 |       4 |       0 |   0.0
        D:3 |       1 |       0 |   0.0 |       1 |       0 |   0.0
            +---------+---------+-------+---------+---------+-------
